 Dungeon Crawl Stone Soup version 0.32-a0-13-gbaedc5810e (webtiles) character file.

Game seed: 9087064513873362667

9541 Amplified the Severer (level 11, -6/94 (95) HPs)
             Began as a Hill Orc Reaver on Jan 14, 2024.
             Was a Believer of the Shining One.
             Shot with a bolt by an orc knight (24 damage)
             ... on level 10 of the Dungeon on Jan 15, 2024.
             The game lasted 00:13:49 (11250 turns).

Amplified the Severer (Hill Orc Reaver)            Turns: 11250, Time: 00:13:50

HP:   -6/94 (95)    AC:  8    Str: 20    XL:     11   Next: 48%
MP:   25/27         EV: 12    Int: 13    God:    the Shining One [**....]
Gold: 410           SH: 10    Dex:  9    Spells: 13/13 levels left

rFire   . . .        x - +3 war axe (freeze)
rCold   . . .        (no shield)
rNeg    + . .        r - +0 swamp dragon scales
rPois   +            b - +0 helmet
rElec   .            v - scarf {repulsion}
rCorr   .            (no gloves)
SInv    .            z - +0 pair of boots
Will    +....        (no amulet) Stlth
                     g - ring of magical power
HPRegen 0.35/turn    k - ring of willpower
MPRegen 0.20/turn

%: repel missiles, clarity
@: divinely shielded, glowing, lightly drained
A: clarity, deformed body, wild magic 1
a: Renounce Religion, Divine Shield


You were on level 10 of the Dungeon.
You worshipped the Shining One.
The Shining One was pleased with you.
You visited 2 branches of the dungeon, and saw 11 of its levels.

You collected 492 gold pieces.
You spent 82 gold pieces at shops.

Inventory:

Hand Weapons
 a - a +0 hand axe
 d - a +1 hand axe of flaming
 x - a +3 war axe of freezing (weapon)
Armour
 b - a +0 helmet (worn)
 h - a +1 cloak
 r - +0 swamp dragon scales (worn)
 v - a scarf of repulsion (worn)
 z - a +0 pair of boots (worn)
Jewellery
 c - a ring of protection from fire
 g - a ring of magical power (left hand)
 k - a ring of willpower (right hand)
 n - a ring of magical power
 o - a ring of poison resistance
Talismans
 e - a serpent talisman
Wands
 i - a wand of flame (28)
 j - a wand of quicksilver (8)
 l - a wand of mindburst (9)
 q - a wand of charming (10)
Scrolls
 f - 3 scrolls of poison
 m - 2 scrolls of noise
 p - 2 scrolls of teleportation
 s - a scroll of vulnerability
 y - a scroll of silence
Potions
 w - a potion of cancellation
 D - a potion of brilliance


   Skills:
 * Level 8.4 Fighting
 - Level 16.0 Axes
 * Level 7.2 Armour
 * Level 4.2 Dodging
 - Level 1.5 Spellcasting
 - Level 3.0 Conjurations
 * Level 9.3 Invocations


You had 13 spell levels left.
You didn't know any spells.
Your spell library contained the following spells:

 Spells                   Type           Power      Damage    Failure   Level
 Magic Dart               Conj           44%        1d5       17%         1
 Searing Ray              Conj           22%        2d5       26%         2
 Kiss of Death            Conj/Necr      24%        2d7       30%         1
 Momentum Strike          Conj/Tloc      12%        3d8       43%         2
 Dazzling Flash           Conj/Hex       12%        N/A       65%         3
 Hailstorm                Conj/Ice       6%         3d5       65%         3
 Volatile Blastmotes      Fire/Tloc      2%         2d10      83%         3
 Fulminant Prism          Conj/Alch      3%         3d5       95%         4
 Summon Forest            Summ/Tloc      0%         N/A       100%        5
 Eringya's Noxious Bog    Alch           0%         4d6       100%        6
 Starburst                Conj/Fire      3%         6d3       100%        6
 Summon Hydra             Summ           0%         N/A       100%        7
 Maxwell's Capacitive Co  Air            0%         ∞         100%        8


Dungeon Overview and Level Annotations

Branches:
Dungeon (10/15)            Temple (1/1) D:6            Lair (0/5) D:8
    Orc (0/2) D:10

Altars:
Ashenzari
Cheibriados
Dithmenos
Fedhas
Hepliaklqana
Kikubaaqudgha
Makhleb
Nemelex Xobeh
Okawaru
Qazlal
Sif Muna
Trog
Uskayaw
Vehumet
Wu Jian
Xom
Yredelemnul
Zin
The Shining One

Shops:
D:1 =   D:6 :   D:8 *

Portals:
Trove: D:10 (give +3 shadow dragon scales)

Annotations:
D:3 1 runed translucent door, LydaLydish's ghost, amateur HuBe
D:7 1 transporter
D:10 Lodul
Temple 2 transporters


Innate Abilities, Weirdness & Mutations

You possess an exceptional clarity of mind.
Armour fits poorly on your strangely shaped body.
Your spells are a little harder to cast, but a little more powerful.


Message History

Unknown command.
You hit the orc knight but do no damage.
The orc knight is severely wounded.
The orc knight hits you with a +0 great sword!
* * * LOW HITPOINT WARNING * * *
Unknown command.
Okay, then.
You feel much better. The orc knight misses you.
Unknown command.
A divine shield forms around you!
The orc knight hits you with a +0 great sword!
Unknown command.
You hit the orc knight but do no damage.
The orc knight is severely wounded.
You hit the orc knight. You freeze the orc knight.
The orc knight is severely wounded.
You block the orc knight's attack.
You hit the orc knight but do no damage.
The orc knight is severely wounded.
You block the orc knight's attack.
Aiming: Quicksilver Bolt
Press: ? - help, Shift-Dir - straight line, f - Lodul, p - orc knight
Aim: Lodul, wielding a +0 great mace (haloed, 88% to hit)
The bolt of dispelling energy hits the orc knight but does no damage.
The orc knight is severely wounded.
The bolt of dispelling energy hits Lodul!
Lodul is lightly wounded.
You hear a shout!
The orc knight hits you with a +0 great sword!
* * * LOW HITPOINT WARNING * * *
Unknown command.
Unknown command.
Unknown command.
Electricity crackles from Lodul's apparatus.
The bolt of lightning hits you!! The Shining One protects you from harm!
The orc knight unwields a +0 great sword.
The orc knight wields a +0 arbalest.
The orc knight shoots a bolt.
The bolt hits you!!
You die...

#.....# #.<....
#.....# ####......
#.....####........#
#.....'....##.....#
#.....#######.....#
#.<...# #.....'
#.....# #.....#
#.....# #.....#
#.@...# ###.###
#.....# #..##
##o#### ###..# ###
#O### #..≈.≈ ...#
#O..# #.#≈.≈
....#######'#####
#P.≈.≈
...............#
#..≈.≈
#............#
#P#≈.≈
#............#
#PP≈.≈


You could see Lodul, an orc knight and an ogre.

Vanquished Creatures
  Maggie (D:6)
  Jeremiah (D:9)
  A rime drake (D:8)
  A polar bear (D:8)
  A troll (D:9)
  Sigmund (D:3)
  A wraith (D:10)
  11 yaks (D:8)
  2 wyverns
  A steam dragon (D:8)
  Eustachio (D:4)
  3 water moccasins
  7 ice beasts
  2 black bears
  4 ogres
  3 orc warriors
  2 sky beasts
  7 centaurs
  A wolf (D:8)
  A phantom (D:8)
  A kobold brigand (D:9)
  3 bullfrogs
  2 scorpions
  17 wights
  25 killer bees
  A howler monkey (D:5)
  3 hounds
  3 orc priests
  Crazy Yiuf (D:4)
  2 gnoll boudas
  6 iguanas
  Natasha (thrice) (D:4)
  2 orc wizards
  7 adders
  9 gnolls
  2 white imps
  2 ufetubi (D:6)
  2 ribbon worms
  3 dart slugs
  17 orcs
  A ball python (D:1)
  7 bats
  4 endoplasms
  5 giant cockroaches
  5 goblins
  8 hobgoblins
  4 quokkas
  A frilled lizard (D:1)
  12 kobolds
  2 rats
212 creatures vanquished.

Vanquished Creatures (collateral kills)
  An orc warrior (D:10)
  An orc wizard (D:10)
  4 orcs (D:10)
6 creatures vanquished.

Grand Total: 218 creatures vanquished

Notes
Turn   | Place    | Note
-------+----------+-------------------------------------------
     0 | D:1      | Amplified the Hill Orc Reaver began the quest for the Orb.
     0 | D:1      | Reached XP level 1. HP: 18/18 MP: 3/3
   328 | D:1      | Reached XP level 2. HP: 23/25 MP: 4/4
   393 | D:1      | Reached skill level 1 in Armour
   396 | D:1      | Found Owneval's Jewellery Emporium.
  1045 | D:2      | Reached XP level 3. HP: 30/31 MP: 5/5
  1755 | D:3      | Reached XP level 4. HP: 38/38 MP: 6/6
  1765 | D:3      | Noticed Sigmund
  1789 | D:3      | Killed Sigmund
  1790 | D:3      | Reached skill level 5 in Axes
  1790 | D:3      | Reached XP level 5. HP: 3/47 MP: 7/7
  1957 | D:3      | Found a snail-covered altar of Cheibriados.
  1972 | D:3      | Reached XP level 6. HP: 40/53 MP: 8/8
  2070 | D:3      | Reached skill level 6 in Axes
  2096 | D:3      | Found a shimmering blue altar of Sif Muna.
  2111 | D:3      | Found a runed translucent door.
  2112 | D:3      | Noticed LydaLydish's ghost (amateur HuBe)
  2491 | D:4      | Noticed Eustachio
  2550 | D:3      | Reached skill level 5 in Fighting
  2616 | D:3      | HP: 2/56 [gnoll bouda/+1 whip of electrocution (15)]
  2811 | D:2      | You fall into a shaft and drop 1 floor!
  2954 | D:4      | Killed Eustachio
  2955 | D:4      | Reached XP level 7. HP: 17/61 MP: 9/9
  2974 | D:4      | Found a shimmering altar of Xom.
  3285 | D:3      | HP: 3/62 [poisoned by a scorpion]
  3509 | D:4      | Reached skill level 7 in Axes
  3673 | D:4      | Found an ornate altar of the Wu Jian Council.
  3789 | D:4      | Noticed Natasha
  3794 | D:4      | Killed Natasha
  4001 | D:4      | Found a runed translucent door.
  4002 | D:4      | Noticed Crazy Yiuf
  4050 | D:4      | Noticed Natasha
  4061 | D:4      | Killed Natasha
  4062 | D:4      | Reached skill level 8 in Axes
  4462 | D:4      | Killed Crazy Yiuf
  4490 | D:4      | Noticed Natasha
  4500 | D:4      | Killed Natasha
  4501 | D:4      | Reached XP level 8. HP: 65/70 MP: 10/10
  4516 | D:5      | Entered Level 5 of the Dungeon
  4658 | D:5      | Reached skill level 9 in Axes
  5124 | D:5      | Reached skill level 10 in Axes
  5317 | D:5      | Reached skill level 11 in Axes
  5444 | D:5      | Reached skill level 12 in Axes
  5456 | D:5      | Reached XP level 9. HP: 57/75 MP: 11/11
  5754 | D:5      | Found a radiant altar of Vehumet.
  5759 | D:5      | Found a stormy altar of Qazlal.
  5766 | D:5      | Found an ancient bone altar of Kikubaaqudgha.
  6307 | D:6      | Reached skill level 13 in Axes
  6309 | D:6      | Noticed Maggie
  6500 | D:6      | Killed Maggie
  6501 | D:6      | Reached skill level 14 in Axes
  6850 | D:6      | Found a staircase to the Ecumenical Temple.
  6859 | Temple   | Found a transporter.
  6859 | Temple   | Found a transporter.
  6859 | Temple   | Found a transporter.
  6859 | Temple   | Found a transporter.
  6859 | Temple   | Entered the Ecumenical Temple
  6867 | Temple   | Upgraded the game from 0.32-a0-12-g7fc57aa741 to
                  | 0.32-a0-13-gbaedc5810e
  6874 | Temple   | Became a worshipper of the Shining One
  7071 | D:6      | Found Recrer's Tiny Tomes.
  7242 | D:7      | Reached skill level 1 in Invocations
  7301 | D:7      | Reached skill level 15 in Axes
  7682 | D:7      | Reached XP level 10. HP: 66/83 MP: 13/13
  7735 | D:7      | Found a hazy altar of Hepliaklqana.
  7755 | D:7      | Reached skill level 5 in Invocations
  7946 | D:7      | Found a sparkling altar of Nemelex Xobeh.
  7946 | D:7      | Found a transporter.
  8103 | D:7      | Found a broken altar of Ashenzari.
  8294 | D:8      | Reached * piety under the Shining One
  8358 | D:8      | Reached skill level 16 in Axes
  8367 | D:8      | Reached skill level 5 in Armour
  8524 | D:8      | You fall into a shaft and drop 2 floors!
  8524 | D:10     | Entered Level 10 of the Dungeon
  8524 | D:10     | Found a portal to a secret trove of treasure.
  8701 | D:9      | Noticed Jeremiah
  8711 | D:8      | Found Agedghaula's General Store.
  8728 | D:8      | Bought a scroll of enchant weapon for 82 gold pieces
  8831 | D:8      | Found a shadowy altar of Dithmenos.
  9329 | D:8      | Reached XP level 11. HP: 41/92 MP: 17/17
  9351 | D:8      | Gained mutation: Armour fits poorly on your strangely
                  | shaped body. [potion of mutation]
  9351 | D:8      | Gained mutation: Your spells are a little harder to cast,
                  | but a little more powerful. [potion of mutation]
  9351 | D:8      | Gained mutation: You possess an exceptional clarity of
                  | mind. [potion of mutation]
  9377 | D:8      | The Shining One protects you from harm!
  9632 | D:8      | Found a staircase to the Lair.
  9730 | D:9      | Reached ** piety under the Shining One
 10015 | D:9      | HP: 3/94 [troll (4)]
 10470 | D:9      | Killed Jeremiah
 10557 | D:9      | Found an iron altar of Okawaru.
 11194 | D:10     | Noticed an orc knight
 11195 | D:10     | Found a staircase to the Orcish Mines.
 11231 | D:10     | Noticed Lodul
 11250 | D:10     | The Shining One protects you from harm!
 11250 | D:10     | Shot with a bolt by an orc knight

Illustrated notes

Levels and vault maps discovered:
D:1:      dpeg_arrival_snail, layout_loops_ring, serial_shops, shop,
          amcnicky_mini_pool_small, nrook_mini_backslash
D:2:      layout_basic
D:3:      layout_basic, nicolae_sif_muna_little_library, amcnicky_altar_gilded,
          ebering_ghost_reflecting_pool, uniq_sigmund
D:4:      layout_loops_ring, mainiacjoe_overflow_boulevard,
          nzn_wu_jian_contemplation, uniq_eustachio, uniq_crazy_yiuf_cottage,
          uniq_natasha
D:5:      minmay_clustersquares, layout_basic, minmay_overflow_temple_star_quad
D:6:      layout_cave_pools, minmay_temple_entry_mini_moons,
          nicolae_shop_i_like_small_books_too, uniq_maggie
D:7:      layout_loops_ring, grunt_nemelex_the_gamble,
          mainiacjoe_overflow_alcove_1, mainiacjoe_overflow_cross_hatched,
          mrwooster_statue_mirror, dk_noncrumbling_3,
          eino_small_chamber_without_monster, chequers_serial_rivers_micro_b
D:8:      layout_loops_ring, grunt_dithmenos_shadows, hellmonk_lair_entry_icy,
          serial_shops, nicolae_diamond_shop, nicolae_figureground_sparkle
D:9:      layout_layer_cave, okawaru_metal_pillars_3, uniq_jeremiah
D:10:     layout_roguey, nicolae_ru_great_annihilating_truth,
          grunt_gozag_breadcrumbs, nicolae_elyvilon_temple_path, orc_david_3,
          ebering_ghost_inner_flame, nicolae_trove_entry_crystal,
          kennysheep_generic_room_2, uniq_lodul
Temple:   hellmonk_temple_divided_pantheon

Skill      XL: |  1  2  3  4  5  6  7  8  9 10 11 |
---------------+----------------------------------+-----
Armour         | 1 2 3 4 6 7 |  7.2
Fighting       | 3 4 5 6 7 8 |  8.4
Axes           | 5 6 8 12 15 16 | 16.0
Invocations    | 4 8 9 |  9.3
Dodging        | 3 4 |  4.2
Spellcasting   | |  1.5
Conjurations   | |  3.0

Action                     |  1- 3 |  4- 6 |  7- 9 | 10-12 || total
---------------------------+-------+-------+-------+-------++-------
  Melee: Hand axe          |    87 |    93 |   226 |       ||   406
         Punch             |     1 |     1 |     6 |     3 ||    11
         War axe           |       |       |    99 |   305 ||   404
  Throw: Throwing net      |       |       |     4 |     2 ||     6
 Invoke: Divine Shield     |       |       |       |     2 ||     2
  Evoke: Wand              |       |       |     1 |     4 ||     5
    Use: Scroll            |     6 |     2 |     6 |     5 ||    19
         Potion            |     1 |     4 |     1 |     8 ||    14
   Stab: Distracted        |       |       |     1 |       ||     1
 Armour: Leather armour    |    22 |       |       |       ||    22
         Plate armour      |    53 |    97 |   247 |       ||   397
         Swamp dragon scal |       |       |    43 |   213 ||   256
  Dodge: Dodged            |    37 |    30 |   116 |   177 ||   360
         Repelled          |       |       |       |     2 ||     2
  Block: Other             |       |       |       |     2 ||     2

Table legend: (Time is in decaauts)
 A = Elapsed time spent in this place.
 B = Non-inter-level travel time spent in this place.
 C = Inter-level travel time spent in this place.
 D = Time resting spent in this place.
 E = Time spent auto-exploring this place.
 F = Levels seen in this place.
 G = Mean time per level.
                   A        B        C        D        E       F      G
               +--------+--------+--------+--------+--------+-----+--------+
         Total |  11104 |  10533 |    571 |   1858 |   6957 |  11 | 1009.5 |
       Dungeon |  11073 |  10502 |    571 |   1858 |   6957 |  10 | 1107.3 |
        Temple |     30 |     30 |      0 |      0 |      0 |   1 |   30.0 |
               +--------+--------+--------+--------+--------+-----+--------+

Top non-repeatable levels by time:
     D:5: 1840 daAuts
     D:3: 1609 daAuts
     D:8: 1415 daAuts
     D:9: 1400 daAuts
     D:4: 1083 daAuts
     D:7: 996 daAuts
     D:1: 906 daAuts
     D:2: 905 daAuts
     D:6: 798 daAuts
    D:10: 116 daAuts
  Temple: 30 daAuts
